 Dungeon Crawl Stone Soup version 0.30-a0-242-g7bf8e6d787 (webtiles) character file.

Game seed: 5817766796926375488

88311 night the Summoner (level 15, -5/74 HPs)
             Began as a Vine Stalker Summoner on Oct 11, 2022.
             Was a High Priest of Ashenzari.
             Slain by a nameless horror (16 damage)
             ... created by miscasting Summon Horrible Things
             ... on level 15 of the Dungeon.
             The game lasted 01:32:41 (21557 turns).

night the Summoner (Vine Stalker Summoner)         Turns: 21557, Time: 01:32:42

Health: -5/74      AC: 14    Str: 12    XL:     15   Next: 93%
Magic:  0/33       EV: 14    Int: 22    God:    Ashenzari [*****.]
Gold:   2547       SH: 15    Dex: 25    Spells: 4/41 levels left

rFire   . . .      SeeInvis +    a - +0 trident of the Chained Heavens {venom, Comp, Bglg} (curse)
rCold   . . .      Faith    .    m - +0 kite shield of Ashenzari's Burden {Fort, Bglg} (curse)
rNeg    . . .      Spirit   +    K - +0 steam dragon scales of the Wild Blue Yonder {Range, Bglg} (curse)
rPois   +          Reflect  .    S - +2 helmet {Int+3}
rElec   +          Harm     .    l - +2 cloak of the Prescient Burden {rCorr, Comp, Self} (curse)
rCorr   +          Rampage  .    o - +0 pair of gloves of Ashenzari's Mutualism {hurl, Bglg, Evo} (curse)
Will    +....      Clarity  +    (no boots)
Stlth   ++........               n - amulet of Ashenzari's Loss {RegenMP +Inv rElec rPois Dex+2, Melee, Elem} (curse)
HPRegen 1.12/turn                k - ring of Ashenzari's Dismay {+Blink rCorr Dex+6 Stlth-, Alch, Bglg} (curse)
MPRegen 0.63/turn                R - ring "Lashed Together" {Slay+4, Fort, Range} (curse)

@: about to teleport, spiked, very slightly contaminated
A: fangs 3, regeneration 1, magic shield, antimagic bite, no potion heal 2
a: Renounce Religion, Evoke Blink, Evoke Invisibility, Curse Item, Shatter the
Chains


You were on level 15 of the Dungeon.
You worshipped Ashenzari.
Ashenzari was extremely pleased with you.
You visited 4 branches of the dungeon, and saw 23 of its levels.
You also visited: Bailey.

You collected 2955 gold pieces.
You spent 408 gold pieces at shops.

Inventory:

Hand Weapons
 a - the cursed +0 trident of the Chained Heavens (weapon) {venom, Comp, Bglg}
   (You took it off an orc on level 6 of the Dungeon)

   It poisons the flesh of those it strikes.
   It has a curse which improves the following skills: Companions: Summonings
   and Necromancy.
   Beguiling: Conjurations, Hexes and Translocations.
Missiles
 c - 37 poisoned darts
 d - 179 stones
 e - 11 javelins
 j - 6 throwing nets
 x - 3 curare-tipped darts
 y - 3 boomerangs of dispersal
 A - 36 boomerangs (quivered)
Armour
 l - the cursed +2 cloak of the Prescient Burden (worn) {rCorr, Comp, Self}
   (You took it off Crazy Yiuf on level 2 of the Dungeon)

   It has a curse which improves the following skills: Companions: Summonings
   and Necromancy.
   Introspection: Fighting and Spellcasting.
 m - the cursed +0 kite shield of Ashenzari's Burden (worn) {Fort, Bglg}
   (You found it on level 2 of the Dungeon)

   It has a curse which improves the following skills: Fortitude: Armour and
   Shields.
   Beguiling: Conjurations, Hexes and Translocations.
 o - the cursed +0 pair of gloves of Ashenzari's Mutualism (worn) {hurl, Bglg, Evo}
   (You found it on level 6 of the Dungeon)

   It has a curse which improves the following skills: Beguiling: Conjurations,
   Hexes and Translocations.
   Evocations: Evocations.
 K - the cursed +0 steam dragon scales of the Wild Blue Yonder (worn) {Range, Bglg}
   (You found it on level 7 of the Dungeon)

   It has a curse which improves the following skills: Ranged Combat: Ranged
   Weapons and Throwing.
   Beguiling: Conjurations, Hexes and Translocations.
 S - a +2 helmet of intelligence (worn)
 X - a +2 scale mail of cold resistance
Jewellery
 k - the cursed ring of Ashenzari's Dismay (left hand) {+Blink rCorr Dex+6 Stlth-, Alch, Bglg}
   (You acquired it on level 9 of the Dungeon)

   [ring of dexterity]

   Dex:       It affects your dexterity (+6).
   +Blink:    It lets you blink.
   rCorr:     It protects you from acid and corrosion.
   Stlth:     It makes you less stealthy.
   It has a curse which improves the following skills: Alchemy: Poison Magic and
   Transmutations.
   Beguiling: Conjurations, Hexes and Translocations.
 n - the cursed amulet of Ashenzari's Loss (around neck) {RegenMP +Inv rElec rPois Dex+2, Melee, Elem}
   (You found it on level 2 of the Dungeon)

   [amulet of magic regeneration]

   It increases your rate of magic regeneration.
   Dex:       It affects your dexterity (+2).
   rElec:     It insulates you from electricity.
   rPois:     It protects you from poison.
   +Inv:      It lets you turn invisible.
   It has a curse which improves the following skills: Melee Combat: Short
   Blades, Long Blades, Axes, Maces & Flails, Polearms, Staves and Unarmed
   Combat.
   Elements:  Fire Magic, Ice Magic, Air Magic and Earth Magic.
 D - an amulet of the acrobat
 P - an amulet of reflection
 R - the cursed ring "Lashed Together" (right hand) {Slay+4, Fort, Range}
   (You found it on level 1 of the Lair of Beasts)

   [ring of slaying]

   Slay:      It affects your accuracy & damage with ranged weapons and melee
   (+4).
   It has a curse which improves the following skills: Fortitude: Armour and
   Shields.
   Ranged Combat: Ranged Weapons and Throwing.
 T - a +4 ring of protection
 W - a ring of flight
Wands
 G - a wand of flame (53)
 L - a wand of iceblast (15)
 M - a wand of mindburst (18)
 N - a wand of quicksilver (4)
 Q - a wand of charming (18)
 Z - a wand of polymorph (3)
Scrolls
 h - 8 scrolls of teleportation
 p - 2 scrolls of amnesia
 z - 3 scrolls of brand weapon
 B - 8 scrolls of butterflies
 F - a scroll of enchant weapon
 H - 3 scrolls of silence
 I - 3 scrolls of blinking
 J - a scroll of fear
 O - 2 scrolls of magic mapping
Potions
 b - 6 potions of invisibility
 f - 4 potions of lignification
 g - 5 potions of brilliance
 i - 5 potions of haste
 q - 5 potions of cancellation
 r - 2 potions of might
 s - 2 potions of magic
 u - 9 potions of curing
 w - 3 potions of attraction
 C - 4 potions of mutation
 E - 6 potions of flight
 U - 3 potions of ambrosia
 Y - 2 potions of resistance
Miscellaneous
 V - a phantom mirror


   Skills:
 - Level 4.4(6.6) Fighting
 + Level 11.1(13.3) Polearms
 - Level 6.5(10.0) Throwing
 - Level 4.1(7.3) Armour
 - Level 4.5 Dodging
 - Level 2.4 Stealth
 + Level 10.5(13.9) Shields
 - Level 11.5(13.8) Spellcasting
 - Level 9.3(15.6) Conjurations
 - Level 4.0(9.5) Hexes
 + Level 12.7(16.1) Summonings
 - Level 1.9(6.1) Translocations
 - Level 4.1(6.3) Fire Magic
 - Level 2.4(4.3) Air Magic


You had 4 spell levels left.
You knew the following spells:

 Your Spells              Type           Power      Damage    Failure   Level
a - Summon Small Mammal   Summ           100%       N/A       0%          1
b - Call Imp              Summ           72%        N/A       0%          2
c - Call Canine Familiar  Summ           72%        N/A       1%          3
d - Summon Guardian Gole  Hex/Summ       64%        N/A       1%          3
e - Summon Lightning Spi  Summ/Air       56%        N/A       1%          4
f - Fulminant Prism       Conj/Hex       31%        3d16      1%          4
g - Fireball              Conj/Fire      29%        3d13      2%          5
h - Malign Gateway        Summ/Tloc      29%        N/A       54%         7
i - Summon Horrible Thin  Summ           36%        N/A       54%         8

Your spell library contained the following spells:

 Spells                   Type           Power      Damage    Failure   Level
 Magic Dart               Conj           100%       1d8       0%          1
 Foxfire                  Conj/Fire      100%       2x1d9     1%          1
 Searing Ray              Conj           100%       2d8       1%          2
 Hailstorm                Conj/Ice       50%        3d11      1%          3
 Mephitic Cloud           Conj/Pois/Air  44%        N/A       1%          3
 Tukima's Dance           Hex            55%        N/A       1%          3
 Vhi's Electric Charge    Tloc/Air       76%        N/A       2%          3
 Animate Armour           Summ/Erth      100%       N/A       2%          4
 Poisonous Vapours        Pois/Air       50%        N/A       4%          2
 Cigotuvi's Dreadful Rot  Necr/Pois/Air  44%        N/A       6%          2
 Passage of Golubria      Tloc           42%        N/A       6%          4
 Freeze                   Ice            64%        1d7       7%          1
 Airstrike                Air            17%        2d(3-19)  13%         4
 Frozen Ramparts          Ice            32%        1d5       21%         3
 Arcjolt                  Conj/Air       28%        1d38      3%          5
 Lightning Bolt           Conj/Air       28%        1d44      3%          5
 Starburst                Conj/Fire      29%        6d9       13%         6
 Yara's Violent Unravell  Hex/Tmut       18%        3d9       28%         5
 Maxwell's Capacitive Co  Air            17%        ∞         100%        8


Dungeon Overview and Level Annotations

Branches:
Dungeon (15/15)            Temple (1/1) D:7            Lair (5/5) D:9
  Swamp (0/4) Lair:2       Spider (0/4) Lair:3        Slime (0/5) Lair:5
    Orc (2/2) D:11            Elf (0/3) Orc:2        Vaults (0/5) D:14
 Bailey (visited)
 Depths: D:15

Altars:
Ashenzari
Cheibriados
Dithmenos
Elyvilon
Fedhas
Gozag
Hepliaklqana
Kikubaaqudgha
Makhleb
Nemelex Xobeh
Okawaru
Qazlal
Ru
Sif Muna
Trog
Uskayaw
Vehumet
Wu Jian
Xom
Yredelemnul
Zin
The Shining One
Jiyva

Shops:
D:14 !   Orc:2 :![*

Portals:
Pandemonium: Orc:2


Innate Abilities, Weirdness & Mutations

You have razor-sharp teeth.
Your natural rate of healing is unusually fast.
When hurt, damage is shared between your health and your magic reserves.
Your bite disrupts and absorbs the magic of your enemies.
Potions cannot restore your health.


Message History

You hit the nameless horror. You bite the nameless horror. You drain its power.
You feel invigorated.
The nameless horror is moderately damaged.
The nameless horror hits you!!
You feel your power leaking away.
You puncture the nameless horror! You bite the nameless horror!
You drain its power.
You feel invigorated.
The nameless horror is heavily damaged.
You block the tengu conjurer's attack. The tengu conjurer barely misses you.
The tengu conjurer claws you but does no damage.
The nameless horror hits you!
You feel your power leaking away.
You puncture the nameless horror!
The nameless horror is severely damaged.
The tengu conjurer hits you but does no damage.
The tengu conjurer closely misses you. The tengu conjurer misses you.
You block the manticore's attack.
The manticore claws you but does no damage.
The manticore claws you!
As you read the scroll of teleportation, it crumbles to dust.
You feel strangely unstable. The nameless horror hits you!
* * * LOW HITPOINT WARNING * * *
You feel your power leaking away. You block the manticore's attack.
The manticore claws you but does no damage.
The manticore barely misses you. The tengu conjurer hits you.
* * * LOW HITPOINT WARNING * * *
The tengu conjurer completely misses you.
The tengu conjurer claws you.
* * * LOW HITPOINT WARNING * * *
As you read the scroll of fear, it crumbles to dust.
You assume a fearsome visage.
The tengu conjurer looks frightened!
The nameless horror is unaffected.
The manticore looks frightened!
You block the nameless horror's attack.
The tengu conjurer gestures wildly while chanting.
The tengu conjurer blinks!
You puncture the nameless horror!
The nameless horror is severely damaged.
The nameless horror hits you!
You die...

, ** ** **#... ,{,,, ,
, * * * #..#....., ,
** * , **,* **
*#..#.#..#** , ,,,
#Q.{..{.# , , , ,, ***
*#(#...#.# * # * ,,
*#.##.##.# .# ,
,*#.##.##.#####.#####
,*
#.##§##.##............
, ,,***
#..H.@X........# *.#*
, ,
.....#####.##.###.#
*.# , , ,#..#** #.##.#
#.###.# , ,,, ,#.
#.##.###.....# , , ,,*
#.##.....#..## * ,
*,,* #.#####.###.## *
* , *.......#####.# *
* *,* ,
####..#####......# ,,,
, ,
,!.....#..........# ,


You could see a nameless horror, a manticore (fleeing) and a tengu conjurer
(fleeing).

Vanquished Creatures
  An ettin (Orc:1)
  A hydra (Lair:5)
  Erolcha (Orc:2)
  The ghost of Eshoisoh the Destroyer, a journeyman OpFE of Hepliaklqana (Lair:4)
  A centaur warrior (D:15)
  5 vault guards
  A catoblepas (Lair:2)
  A demonspawn (Orc:2)
  An anaconda (Lair:5)
  2 two-headed ogres
  3 boulder beetles
  4 orc high priests (Orc:2)
  A sixfirhy (Orc:2)
  A deep elf archer (D:14)
  3 deep elf pyromancers (D:14)
  4 orc sorcerers
  2 orc knights (Orc:2)
  A manticore (D:11)
  2 black mambas (Lair:5)
  2 elephants (Lair:5)
  7 cane toads
  3 gargoyles
  A torpor snail (Lair:5)
  3 rust devils (Orc:2)
  An unseen horror (D:13)
  8 komodo dragons
  3 rime drakes
  An efreet (D:14)
  A kobold demonologist (D:14)
  A hellwing (Orc:2)
  3 polar bears
  2 trolls
  A wind drake (Lair:5)
  A slime creature (Lair:3)
  A tyrant leech (Lair:4)
  18 blink frogs
  2 dream sheep (Lair:1)
  A snapping turtle (Lair:5)
  Sigmund (D:3)
  29 yaks
  A water elemental (D:14)
  2 shadows
  2 wyverns
  3 vampires
  2 humans (Bailey)
  A vampire mosquito (D:14)
  A redback (Lair:3)
  3 steam dragons
  A warg (Orc:2)
  A swamp worm (Lair:4)
  11 water moccasins
  17 orc warriors
  A sky beast (D:7)
  A black bear (D:6)
  2 wolves (Lair:3)
  2 ice beasts
  2 centaurs
  A kobold brigand (D:11)
  A necrophage (D:6)
  A gnoll sergeant (D:6)
  14 bullfrogs
  4 scorpions (D:8)
  3 killer bees (D:6)
  2 electric eels
  2 howler monkeys (D:13)
  7 jellies
  A gnoll bouda (D:5)
  4 hounds
  Crazy Yiuf (D:2)
  17 orc priests
  2 hell rats (Lair:3)
  Natasha (twice) (D:3)
  10 orc wizards
  10 gnolls
  4 adders
  3 white imps
  43 orcs
  5 bats
  4 endoplasms
  2 giant cockroaches (D:2)
  16 goblins
  4 hobgoblins
  3 jackals (D:4)
  2 kobolds
  5 quokkas
  6 ball pythons
  A frilled lizard (D:1)
  6 rats
365 creatures vanquished.

Vanquished Creatures (collateral kills)
  Gastronok (Lair:2)
  A hydra (Lair:2)
  A merfolk avatar (Lair:5)
  A vault guard (D:14)
  A boulder beetle (D:11)
  2 orc high priests (Orc:2)
  Sonja (Orc:2)
  A bog body (Lair:2)
  2 harpies (Lair:5)
  A deep elf pyromancer (D:11)
  3 orc sorcerers
  An ugly thing (D:11)
  2 orc knights
  A cyclops (D:15)
  7 elephants
  A black mamba (Lair:5)
  A gargoyle (D:14)
  A torpor snail (Lair:1)
  An unseen horror (D:11)
  Psyche (D:8)
  3 cane toads
  A kobold demonologist (D:12)
  A yaktaur (D:14)
  6 komodo dragons
  A red devil (Orc:2)
  Prince Ribbit (Bailey)
  A snapping turtle (Lair:5)
  2 blink frogs
  A dream sheep (Lair:1)
  10 yaks
  A wraith (D:10)
  Eustachio (D:6)
  2 humans (Bailey)
  A vampire (D:9)
  A basilisk (Lair:5)
  6 vampire mosquitoes
  A swamp worm (Lair:4)
  3 water moccasins
  7 orc warriors
  2 sky beasts
  An ogre (D:4)
  A centaur (D:8)
  5 wolves
  A kobold brigand (D:6)
  A bullfrog (D:7)
  A scorpion (D:3)
  2 electric eels
  A howler monkey (D:4)
  10 orc priests
  2 jellies (Lair:3)
  2 hounds (D:4)
  Jessica (D:2)
  An iguana (D:6)
  8 orc wizards
  Natasha (D:3)
  2 hell rats (Lair:3)
  Robin (D:3)
  6 gnolls
  2 adders (D:5)
  A shadow imp (D:8)
  2 worms (D:2)
  30 orcs
  A bat (D:8)
  9 endoplasms (Lair:3)
  3 giant cockroaches
  5 goblins
  7 hobgoblins
  7 jackals
  2 quokkas (D:2)
  A ball python (D:1)
  4 kobolds
  2 rats (D:1)
206 creatures vanquished.

Vanquished Creatures (others)
  2 eldritch tentacles
  Snorg (D:14)
  A vault guard (Bailey)
  2 hydras
  2 demonspawn (Orc:2)
  3 two-headed ogres
  Urug (Lair:1)
  An orc high priest (Orc:2)
  An orc knight (Orc:2)
  An elephant (Lair:2)
  A cane toad (Lair:5)
  A kobold demonologist (D:9)
  A wraith (D:8)
  24 yaks
  A steam dragon (Lair:5)
  A swamp worm (Lair:4)
  4 orc warriors
  A wolf (Lair:2)
  A bullfrog (Bailey)
  A jelly (Lair:3)
  An orc priest (Orc:2)
  2 hell rats (Lair:3)
  An ufetubus (D:7)
  3 orcs
  5 endoplasms (Lair:3)
  A kobold (D:11)
  34 fungi
  53 plants
151 creatures vanquished.

Grand Total: 722 creatures vanquished

Notes
Turn   | Place    | Note
-------+----------+-------------------------------------------
     0 | D:1      | night the Vine Stalker Summoner began the quest for the
                  | Orb.
     0 | D:1      | Reached XP level 1. HP: 9/9 MP: 4/4
   465 | D:1      | Reached XP level 2. HP: 13/13 MP: 1/6
   468 | D:1      | Learned a level 2 spell: Call Imp
   972 | D:1      | Reached skill level 1 in Polearms
  1553 | D:2      | Reached XP level 3. HP: 16/16 MP: 8/8
  1574 | D:2      | Learned a level 3 spell: Call Canine Familiar
  1661 | D:1      | Gained mutation: Your natural rate of healing is unusually
                  | fast. [Vine Stalker growth]
  1661 | D:1      | Reached XP level 4. HP: 7/21 MP: 0/9
  1952 | D:2      | Noticed Jessica
  1963 | D:2      | Killed Jessica
  1964 | D:2      | Reached skill level 2 in Polearms
  1982 | D:2      | Found a runed translucent door.
  1983 | D:2      | Noticed Crazy Yiuf
  1995 | D:2      | Killed Crazy Yiuf
  1996 | D:2      | Reached XP level 5. HP: 24/24 MP: 7/11
  2241 | D:2      | Identified the amulet "Plog" {RegenMP +Inv rElec rPois
                  | Dex+2}
  2672 | D:3      | Noticed Natasha
  2675 | D:3      | Reached skill level 5 in Summonings
  2679 | D:3      | Killed Natasha
  2680 | D:3      | Reached XP level 6. HP: 28/28 MP: 10/12
  2792 | D:3      | Noticed Natasha
  2800 | D:3      | Killed Natasha
  2883 | D:3      | Noticed Sigmund
  2901 | D:3      | Killed Sigmund
  3064 | D:3      | Noticed Robin
  3067 | D:3      | Noticed Natasha
  3088 | D:3      | Killed Natasha
  3089 | D:3      | Reached XP level 7. HP: 32/32 MP: 14/14
  3098 | D:3      | Killed Robin
  3143 | D:3      | Found an iron altar of Okawaru.
  3143 | D:3      | Found a shadowy altar of Dithmenos.
  3530 | D:4      | Learned a level 3 spell: Summon Guardian Golem
  3683 | D:4      | You fall into a shaft and drop 1 floor!
  3683 | D:5      | Entered Level 5 of the Dungeon
  3901 | D:5      | Reached skill level 1 in Hexes
  3913 | D:5      | Reached skill level 1 in Shields
  3920 | D:5      | Reached skill level 6 in Summonings
  4156 | D:4      | Reached skill level 5 in Spellcasting
  4544 | D:4      | Gained mutation: You have razor-sharp teeth. [Vine Stalker
                  | growth]
  4544 | D:4      | Reached XP level 8. HP: 34/36 MP: 11/16
  4688 | D:4      | Reached skill level 2 in Hexes
  5725 | D:6      | Learned a level 4 spell: Summon Lightning Spire
  5749 | D:6      | Reached skill level 2 in Shields
  5792 | D:6      | Identified a scroll of acquirement
  5793 | D:6      | Acquired 761 gold pieces
  6238 | D:6      | Noticed Eustachio
  6256 | D:6      | Killed Eustachio
  6257 | D:6      | Reached XP level 9. HP: 39/39 MP: 17/19
  6332 | D:6      | Reached skill level 5 in Polearms
  6332 | D:6      | Reached skill level 7 in Summonings
  6501 | D:7      | Found a flagged portal.
  6530 | Bailey   | Entered a bailey
  6583 | Bailey   | Learned a level 4 spell: Fulminant Prism
  6605 | Bailey   | Reached skill level 1 in Conjurations
  6674 | Bailey   | Reached skill level 2 in Conjurations
  6706 | Bailey   | Noticed Prince Ribbit
  6708 | Bailey   | Noticed a vault guard
  6714 | Bailey   | Killed Prince Ribbit
  6715 | Bailey   | Reached XP level 10. HP: 44/44 MP: 18/21
  6746 | Bailey   | Killed a vault guard
  6747 | Bailey   | Reached skill level 8 in Summonings
  6828 | Bailey   | Noticed a vault guard
  6847 | Bailey   | Killed a vault guard
  6848 | Bailey   | Reached skill level 5 in Shields
  6894 | D:7      | Found a staircase to the Ecumenical Temple.
  6908 | Temple   | Entered the Ecumenical Temple
  7313 | Temple   | Became a worshipper of Ashenzari the Shackled
  8235 | D:8      | Found the +7 Singing Sword {vorpal, sonic wave}
  8550 | D:8      | Noticed Psyche
  8594 | D:8      | Reached XP level 11. HP: 36/47 MP: 12/24
  8597 | D:8      | Killed Psyche
  8598 | D:8      | Reached skill level 9 in Summonings
  8630 | D:8      | Reached skill level 5 in Conjurations
  8819 | D:8      | Reached * piety under Ashenzari
  8820 | D:8      | Reached XP level 12. HP: 60/60 MP: 26/26
  8946 | D:9      | Found a staircase to the Lair.
  8992 | D:9      | Acquired the ring "Kietiut" {+Blink rCorr Dex+6 Stlth-}
  9005 | D:9      | Noticed a two-headed ogre
  9020 | D:9      | Killed a two-headed ogre
  9349 | D:9      | Reached ** piety under Ashenzari
  9560 | D:10     | Entered Level 10 of the Dungeon
 10128 | D:10     | Reached *** piety under Ashenzari
 10306 | Lair:1   | Entered Level 1 of the Lair of Beasts
 10319 | Lair:1   | Found a burning altar of Makhleb.
 10382 | Lair:1   | Reached skill level 1 in Air Magic
 10549 | Lair:1   | Noticed Urug
 10563 | Lair:1   | Killed Urug
 10564 | Lair:1   | Reached skill level 2 in Air Magic
 10681 | Lair:1   | Reached **** piety under Ashenzari
 11078 | Lair:2   | Noticed a catoblepas
 11087 | Lair:2   | Reached skill level 1 in Throwing
 11186 | Lair:2   | Noticed an eight-headed hydra
 11201 | Lair:2   | Killed an eight-headed hydra
 11265 | Lair:2   | Reached skill level 10 in Summonings
 11265 | Lair:2   | Reached XP level 13. HP: 67/67 MP: 27/30
 11292 | Lair:2   | Reached skill level 2 in Throwing
 11332 | Lair:2   | Reached skill level 1 in Fire Magic
 11455 | Lair:2   | Reached skill level 2 in Fire Magic
 11534 | Lair:2   | Found a staircase to the Swamp.
 11901 | Lair:2   | Noticed Gastronok
 11920 | Lair:2   | Killed Gastronok
 12417 | Lair:3   | Found a hole to the Spider Nest.
 13171 | Lair:4   | Reached skill level 10 in Spellcasting
 13397 | Lair:4   | Learned a level 5 spell: Fireball
 13666 | Lair:4   | Found a runed translucent door.
 13675 | Lair:4   | Noticed Eshoisoh's ghost (journeyman OpFE)
 13707 | Lair:4   | Killed Eshoisoh's ghost
 13708 | Lair:4   | Reached XP level 14. HP: 72/72 MP: 32/32
 14215 | Lair:5   | Entered Level 5 of the Lair of Beasts
 14366 | Lair:5   | Identified the +10 chain mail of the Seven Geomancers {Harm
                  | *Slow rC+ Dex+3}
 14419 | Lair:5   | Reached skill level 11 in Summonings
 14490 | Lair:5   | HP: 10/72 [poisoned by a cane toad]
 14824 | Lair:5   | Reached ***** piety under Ashenzari
 14893 | Lair:5   | Found a viscous altar of Jiyva.
 14893 | Lair:5   | Found a staircase to the Slime Pits.
 14936 | Lair:5   | Reached skill level 5 in Throwing
 16054 | D:11     | Found a staircase to the Orcish Mines.
 16078 | Orc:1    | Entered Level 1 of the Orcish Mines
 16559 | Orc:2    | Entered Level 2 of the Orcish Mines
 16680 | Orc:2    | Found a staircase to the Elven Halls.
 16717 | Orc:2    | Noticed Erolcha
 16739 | Orc:2    | Killed Erolcha
 16981 | Orc:2    | Reached skill level 10 in Polearms
 17025 | Orc:2    | Found Daiq's Distillery.
 17031 | Orc:2    | Found Liaskure's General Store.
 17054 | Orc:2    | Reached XP level 15. HP: 71/77 MP: 24/34
 17217 | Orc:2    | HP: 6/77 [red devil/+0 trident (14)]
 17837 | Orc:2    | Reached skill level 12 in Summonings
 17876 | Orc:2    | Found Vatueju's Book Shoppe.
 17876 | Orc:2    | Found Laoliv's Antique Armour Emporium.
 17877 | Orc:2    | Found a one-way gate leading to the halls of Pandemonium.
 17879 | Orc:2    | Bought a Grand Grimoire for 408 gold pieces
 17943 | Orc:2    | Noticed Sonja
 17956 | Orc:2    | Killed Sonja
 18252 | Orc:2    | Learned a level 7 spell: Malign Gateway
 18261 | Orc:2    | Learned a level 8 spell: Summon Horrible Things
 18917 | D:12     | Reached skill level 1 in Translocations
 18933 | D:12     | Identified the +1 robe "Zequmn" {Stlth+}
 19718 | D:13     | Identified the +4 ring mail of Moral Flaws {Will++ Int+3}
 19891 | D:13     | Identified the Codex of Intoxication and the Congregation
 20208 | D:14     | Found Wiwiemuf's Distillery.
 20229 | D:14     | Noticed Snorg
 20247 | D:14     | Killed Snorg
 20248 | D:14     | Reached skill level 10 in Shields
 20375 | D:14     | Found a white marble altar of Elyvilon.
 20721 | D:14     | Identified the +7 hand axe "Zoph" {drain, rF+}
 20755 | D:14     | Found a gate to the Vaults.
 21310 | D:15     | Entered Level 15 of the Dungeon
 21555 | D:15     | HP: 9/74 [tengu conjurer (3)]
 21557 | D:15     | Slain by a nameless horror

Illustrated notes

Levels and vault maps discovered:
D:1:      kennysheep_arrival_forest, layout_basic, grunt_decor_cap
D:2:      layout_basic, corexii_shack, uniq_jessica, uniq_crazy_yiuf_cottage
D:3:      layout_basic, gammafunk_temple_overflow_wave, kennysheep_doodads,
          uniq_natasha, uniq_robin, uniq_sigmund
D:4:      layout_layer_cave
D:5:      layout_basic
D:6:      layout_loops_ring, kennysheep_opposing_triangles, uniq_eustachio
D:7:      layout_loops_ring, minmay_temple_entry_hall,
          lightli_bailey_entry_fortress
D:8:      old_forge, layout_basic, uniq_psyche
D:9:      layout_loops_cross, lair_entry_dummy
D:10:     layout_gridville
D:11:     layout_long_grid, minmay_orc_entry_temple_small
D:12:     layout_roguey
D:13:     layout_rooms, minmay_misc_feat_encased, minmay_misc_feat_chi
D:14:     layout_stronghold, grunt_vaults_entry_fortified, serial_shops,
          nicolae_take_the_stairs, nicolae_elyvilon_temple_path, minivault_11,
          uniq_snorg
D:15:     grunt_enter_depths_magical_seal, layout_loops_ring, zin_angel,
          uniq_agnes, uniq_josephine, uniq_rupert
Temple:   mainiacjoe_temple_big_plus
Lair:1:   layout_regular_city, basic_altar, minivault_24, fungi_pond_lemuel,
          uniq_urug
Lair:2:   layout_chaotic_city, skrybe_swamp_entry_bodies, uniq_gastronok
Lair:3:   lemuel_slime, layout_misc_corridors, spider_nest_entry_webs,
          grunt_megastairs_1
Lair:4:   layout_gridlike, ebering_ghost_reflecting_pool, worms_lemuel
Lair:5:   gammafunk_lair_ancient_temple, layout_hall_layers,
          dpeg_slime_entry_enclosed, hangedman_lair_generics_rect,
          infiniplex_staircase_pool, grunt_megastairs_4
Orc:1:    layout_caves
Orc:2:    pf_orc_diabolical, layout_caves, uniq_sonja, uniq_erolcha

Skill      XL: |  1  2  3  4  5  6  7  8  9 10 11 12 13 14 15 |
---------------+----------------------------------------------+-----
Polearms       | 1 2 3 4 6 7 8 9 10 11 | 11.1
Spellcasting   | 3 4 5 6 7 8 9 10 11 | 11.5
Summonings     | 5 6 7 8 9 10 11 12 | 12.7
Hexes          | 1 3 4 |  4.0
Shields        | 1 3 4 5 6 7 8 9 10 | 10.5
Conjurations   | 2 4 5 6 7 8 9 |  9.3
Fighting       | 4 |  4.4
Armour         | 4 |  4.1
Dodging        | 4 |  4.5
Air Magic      | 2 |  2.4
Throwing       | 1 4 5 6 |  6.5
Fire Magic     | 3 4 |  4.1
Translocations | 1 |  1.9
Stealth        | |  2.4

Action                   |  1- 3 |  4- 6 |  7- 9 | 10-12 | 13-15 || total
-------------------------+-------+-------+-------+-------+-------++-------
Melee: Mace              |     9 |       |       |       |       ||     9
       Spear             |    59 |     2 |       |       |       ||    61
       Bite              |     8 |    11 |    62 |    98 |   344 ||   523
       Trident           |       |    78 |   289 |   364 |   953 ||  1684
Throw: Dart              |       |       |       |       |     1 ||     1
       Boomerang         |       |       |       |       |     6 ||     6
 Cast: Summon Small Mamm |    14 |     3 |     8 |    13 |    29 ||    67
       Call Imp          |     7 |     8 |    15 |    18 |    29 ||    77
       Call Canine Famil |     3 |    11 |    26 |    44 |    77 ||   161
       Summon Guardian G |       |       |     1 |    20 |    53 ||    74
       Summon Lightning  |       |       |       |     2 |    48 ||    50
       Fireball          |       |       |       |       |    25 ||    25
       Malign Gateway    |       |       |       |       |     2 ||     2
       Summon Horrible T |       |       |       |       |     1 ||     1
Invok: Curse Item        |       |       |       |     6 |     3 ||     9
       Shatter the Chain |       |       |       |       |     1 ||     1
Evoke: Wand              |       |       |       |     2 |       ||     2
  Use: Scroll            |     4 |     1 |    10 |     6 |     8 ||    29
       Potion            |       |       |       |     1 |       ||     1
 Stab: Sleeping          |     4 |     6 |     8 |     6 |     6 ||    30
       Distracted        |       |       |     5 |     8 |    17 ||    30
Armor: Robe              |     6 |    10 |    59 |       |       ||    75
       Steam dragon scal |       |       |    19 |    77 |   139 ||   235
Dodge: Dodged            |    47 |    20 |   115 |   113 |   298 ||   593
Block: Kite shield       |       |       |   131 |   125 |   506 ||   762

Table legend: (Time is in decaauts)
 A = Elapsed time spent in this place.
 B = Non-inter-level travel time spent in this place.
 C = Inter-level travel time spent in this place.
 D = Time resting spent in this place.
 E = Time spent auto-exploring this place.
 F = Levels seen in this place.
 G = Mean time per level.
                   A        B        C        D        E       F      G
               +--------+--------+--------+--------+--------+-----+--------+
         Total |  21606 |  20350 |   1256 |   1084 |  14040 |  24 |  900.2 |
       Dungeon |  13483 |  12608 |    875 |    418 |   9458 |  15 |  898.9 |
        Temple |    427 |    391 |     36 |      0 |    383 |   1 |  427.0 |
          Lair |   5165 |   4887 |    278 |    333 |   3048 |   5 | 1033.0 |
  Orcish Mines |   2161 |   2095 |     66 |    311 |   1108 |   2 | 1080.5 |
        Bailey |    368 |    368 |      0 |     22 |     42 |   1 |  368.0 |
               +--------+--------+--------+--------+--------+-----+--------+

Top non-repeatable levels by time:
     D:1: 1633 daAuts
   Orc:2: 1596 daAuts
  Lair:5: 1442 daAuts
    D:14: 1313 daAuts
     D:4: 1256 daAuts
  Lair:4: 1081 daAuts
     D:5: 1023 daAuts
     D:8: 1014 daAuts
     D:2: 999 daAuts
     D:3: 991 daAuts
    D:11: 917 daAuts
  Lair:3: 909 daAuts
  Lair:2: 892 daAuts
  Lair:1: 841 daAuts
     D:7: 792 daAuts
